[Event "FIDE World Cadets GU12 2022"]
[Site "Batumi"]
[Date "2022.09.19"]
[Round "4.19"]
[White "Krkyasharyan, Sona"]
[Black "Zhumagali, Raian"]
[Result "1/2-1/2"]
[ECO "E92"]
[WhiteElo "1484"]
[BlackElo "1278"]
[Annotator "NA COMBH"]
[PlyCount "110"]
[EventDate "2022.09.16"]
[EventType "swiss"]
[EventCountry "GEO"]
[SourceTitle "playchess.com"]
[Source "ChessBase"]
[SourceQuality "1"]
[TimeControl "5400+30"]

1. d4 Nf6 2. c4 g6 3. Nc3 Bg7 4. e4 d6 5. Nf3 O-O 6. Be2 e5 7. d5 a5 8. Bg5 h6 9. Bh4 Na6 10. Nd2 Qe8 11. a3 Bd7 12. b3 Nh7 13. Rb1 Nc5 14. Qc2 f5 15. f3 Nf6 16. b4 axb4 17. axb4 Na4 18. Nb5 Bxb5 19. cxb5 Qd7 20. O-O Nb6 21. Rfc1 Rfc8 22. Bf2 f4 23. Rb3 Ne8 24. Rc3 Na4 25. Ra3 Nb6 26. Ra5 Qd8 27. Rca1 Nd7 28. Qa2 Rab8 29. Rc1 b6 30. Ra6 Ndf6 31. Qc2 g5 32. Ra3 Qd7 33. Qc6 Qf7 34. Rca1 h5 35. Ra7 Qg6 36. Rb7 Rxb7 37. Qxb7 Rd8 38. Ra7 Rd7 39. Qc8 Rf7 40. Ra8 Rf8 41. Qe6+ Kh8 42. h3 Qf7 43. Qxf7 Rxf7 44. Ra7 Kg8 45. Nc4 Nd7 46. Rb7 Bf6 47. Na5 Kf8 48. Nc6 h4 49. Kf1 Kg8 50. Ke1 Kf8 51. Kd2 Kg8 52. Ra7 Rf8 53. Kc3 Rf7 54. Ra8 Rf8 55. Rc8 Kf7 1/2-1/2

[Event "FIDE World Cadets GU12 2022"]
[Site "Batumi"]
[Date "2022.09.20"]
[Round "5.1"]
[White "Merkulova, Victoria"]
[Black "Mgeladze, Kesaria"]
[Result "1/2-1/2"]
[ECO "B36"]
[WhiteElo "1715"]
[BlackElo "1771"]
[Annotator "NA RC COMBH"]
[PlyCount "47"]
[EventDate "2022.09.16"]
[EventType "swiss"]
[EventCountry "GEO"]
[SourceTitle "playchess.com"]
[Source "ChessBase"]
[SourceQuality "1"]
[TimeControl "5400+30"]

1. e4 c5 2. Nf3 g6 3. d4 cxd4 4. Nxd4 Nc6 5. c4 Nf6 6. Nc3 d6 7. Be2 Nxd4 8. Qxd4 Bg7 9. Be3 O-O 10. Qd2 Be6 11. O-O Qa5 12. Rac1 Rfc8 13. b3 a6 14. f3 b5 15. Nd5 Qxd2 16. Bxd2 Nxd5 17. cxd5 Bd4+ 18. Kh1 Bd7 19. Rxc8+ Rxc8 20. Rc1 Rc5 21. a4 bxa4 22. bxa4 Bxa4 23. Bxa6 Rxc1+ 24. Bxc1 1/2-1/2

[Event "FIDE World Cadets GU12 2022"]
[Site "Batumi"]
[Date "2022.09.20"]
[Round "5.2"]
[White "Maklakova, Naomi"]
[Black "Shubhi Gupta"]
[Result "1/2-1/2"]
[ECO "D02"]
[WhiteElo "1635"]
[BlackElo "1733"]
[Annotator "NA RC COMBH"]
[PlyCount "82"]
[EventDate "2022.09.16"]
[EventType "swiss"]
[EventCountry "GEO"]
[SourceTitle "playchess.com"]
[Source "ChessBase"]
[SourceQuality "1"]
[TimeControl "5400+30"]

1. d4 d5 2. Nf3 Nf6 3. c3 Bf5 4. Qb3 Qc8 5. Bf4 e6 6. e3 Bd6 7. Bb5+ Nbd7 8. Bxd7+ Nxd7 9. Bxd6 cxd6 10. Na3 Bd3 11. Kd2 Ba6 12. Rhe1 Qc6 13. Ng5 h6 14. Nh3 e5 15. Rad1 O-O 16. dxe5 dxe5 17. Kc1 Nc5 18. Qc2 e4 19. Nf4 Bd3 20. Nxd3 Nxd3+ 21. Rxd3 exd3 22. Qxd3 Rfd8 23. Nc2 Rab8 24. Nd4 Qc7 25. f4 b5 26. Kb1 Qb6 27. a3 a5 28. Nc2 Qc5 29. g4 f6 30. h4 Qc4 31. Qxc4 bxc4 32. Nd4 g6 33. Nc6 Kf7 34. Rd1 Rbc8 35. Nxd8+ Rxd8 36. e4 Ke6 37. Kc2 f5 38. gxf5+ gxf5 39. exd5+ Rxd5 40. Rd4 Rxd4 41. cxd4 Kd6 1/2-1/2

[Event "FIDE World Cadets GU12 2022"]
[Site "Batumi"]
[Date "2022.09.20"]
[Round "5.3"]
[White "Aydogan, Arya"]
[Black "Altynbek, Aiaru"]
[Result "1-0"]
[ECO "C11"]
[WhiteElo "1489"]
[BlackElo "1373"]
[Annotator "NA RC COMBH"]
[PlyCount "123"]
[EventDate "2022.09.16"]
[EventType "swiss"]
[EventCountry "GEO"]
[SourceTitle "playchess.com"]
[Source "ChessBase"]
[SourceQuality "1"]
[TimeControl "5400+30"]

1. e4 e6 2. d4 d5 3. Nc3 Nf6 4. e5 Nfd7 5. f4 c5 6. Nf3 Nc6 7. Be3 Qb6 8. a3 c4 9. Rb1 Qa6 10. Be2 Nb6 11. O-O Bd7 12. Qd2 O-O-O 13. Ng5 Be8 14. f5 h6 15. Nh3 Ne7 16. fxe6 fxe6 17. Bg4 Na8 18. Nf4 Nc7 19. h4 Ng6 20. g3 Be7 21. Nce2 Kb8 22. Rf2 Nxf4 23. Nxf4 h5 24. Bh3 g5 25. hxg5 Bxg5 26. Ng2 Bxe3 27. Nxe3 Rg8 28. Kh2 Qb6 29. c3 Bg6 30. Re1 Qc6 31. Rf6 Qe8 32. Ref1 Qe7 33. R1f4 Qg7 34. Qf2 Rde8 35. Ng2 a6 36. Nh4 Be4 37. Rf7 Qg5 38. Bg2 Bd3 39. Rd7 Rd8 40. Rff7 Rxd7 41. Rxd7 Be4 42. Rf7 Rg7 43. Rxg7 Qxg7 44. Qf6 Qg8 45. Bh3 Kc8 46. Bg2 Qg4 47. Nf3 Ne8 48. Qf4 Qg6 49. Nh4 Qh7 50. Bh3 Kd7 51. Qf8 Bd3 52. Bxe6+ Kxe6 53. Qxe8+ Qe7 54. Qg8+ Kd7 55. Qxd5+ Kc8 56. e6 Bf1 57. Qf5 Bd3 58. Qe5 Bc2 59. d5 Bd3 60. d6 Qh7 61. d7+ Kd8 62. Qb8+ 1-0

[Event "FIDE World Cadets GU12 2022"]
[Site "Batumi"]
[Date "2022.09.20"]
[Round "5.4"]
[White "Aravindakshan, Sahana"]
[Black "Kaliakhmet, Elnaz"]
[Result "0-1"]
[ECO "E20"]
[WhiteElo "1776"]
[BlackElo "1864"]
[Annotator "NA COMBH"]
[PlyCount "80"]
[EventDate "2022.09.16"]
[EventType "swiss"]
[EventCountry "GEO"]
[SourceTitle "playchess.com"]
[Source "ChessBase"]
[SourceQuality "1"]
[TimeControl "5400+30"]

1. d4 Nf6 2. c4 e6 3. Nc3 Bb4 4. f3 d5 5. a3 Be7 6. e3 c5 7. cxd5 exd5 8. Bb5+ Nc6 9. Nge2 O-O 10. O-O a6 11. Ba4 Bd6 12. Bb3 Ne7 13. dxc5 Bxc5 14. Nd4 Nc6 15. Nce2 Re8 16. Qc2 Qb6 17. Qc3 Bd7 18. Ba2 a5 19. Bd2 Rac8 20. Rac1 Bf8 21. Qb3 Qa6 22. Kf2 Ne5 $15 23. Rxc8 Rxc8 24. Nf4 Nc4 25. Bc1 b5 26. Qd3 Bd6 27. Nde2 Qb7 28. Bb1 g6 29. Qd1 a4 30. Ba2 h5 31. Bxc4 Rxc4 32. Bd2 Qb6 33. Nd3 Bf5 34. Bc3 Bxh2 35. g3 h4 36. Rh1 Bxg3+ 37. Nxg3 hxg3+ 38. Kg2 Nh5 39. Ne5 Qxe3 40. Rf1 Rh4 0-1

[Event "FIDE World Cadets GU12 2022"]
[Site "Batumi"]
[Date "2022.09.20"]
[Round "5.5"]
[White "Saparya Ghosh"]
[Black "Preobrazhenskaya, Diana"]
[Result "1-0"]
[ECO "D36"]
[WhiteElo "1563"]
[BlackElo "1994"]
[Annotator "TA"]
[PlyCount "87"]
[EventDate "2022.09.16"]
[EventType "swiss"]
[EventCountry "GEO"]
[SourceTitle "playchess.com"]
[Source "ChessBase"]
[SourceQuality "1"]
[TimeControl "5400+30"]

1. d4 d5 2. c4 e6 3. Nc3 Nf6 4. cxd5 exd5 5. Bg5 c6 6. e3 Bd6 7. Bd3 Nbd7 8. Qc2 h6 9. Bh4 O-O 10. Nf3 Re8 11. O-O Qc7 12. Rac1 a6 13. Bf5 {[%emt 0:02:30] [#] D36: Queen's Gambit Declined: Exchange Variation: Main line (5 Bg5 c6 6 Qc2).} Qb8 $146 ({Predecessor:} 13... Kf8 14. Bxd7 Qxd7 15. Na4 Qf5 16. Qb3 Rb8 17. Bg3 Bxg3 18. hxg3 Ke7 19. Nc5 {0-1 (19) Mejia Rodriguez,Y (1867)-Rivera,I (2197) Palmira 2019}) 14. Rfe1 b5 (14... g5 $14) 15. a3 {[%emt 0:09:30] White is better.} b4 16. axb4 Bxb4 17. Bg3 Qa7 18. Qa4 (18. Red1 $16) 18... Nb6 (18... Qb7) ({Black should try} 18... a5 $14) 19. Qxb4 Bxf5 20. Ne5 {[%emt 0:00:30][%cal Bf3e5,Be5c6,Bc6e7][%mdl 32] Inhibits Nc4.} Rec8 21. Na4 Nxa4 22. Qxa4 Bd7 (22... c5 $14) 23. Nxc6 $16 Qb7 24. Ne7+ Kh7 25. Qa3 Rxc1 26. Rxc1 Ne4 (26... Qb5 $142) 27. f3 (27. Be5 $142 $1) 27... Nxg3 28. hxg3 Re8 29. Qd6 (29. Kh2 $16) 29... Be6 $2 {[#] White leaves nothing to chance now.} (29... Qxb2 $11 {and Black has nothing to worry.} 30. Qxd7 Qxc1+ 31. Kh2 Rb8) 30. Rc7 $1 $18 Qxb2 {[%cal Oe6h3] Strongly threatening ...Bh3!} 31. Nxd5 {Active counter play!} Qd2 $2 (31... Bxd5 32. Qxd5 Qb1+ 33. Kf2 (33. Kh2 Rxe3 34. Qxf7 Qg6 $16) 33... Qb2+ 34. Kg1 Qb1+ 35. Kh2 Rxe3) 32. Kh2 {And now Nf4 would win.} a5 33. Qc6 (33. Nf4 $142) 33... Rb8 $2 {[#]} (33... Bxd5 34. Qxd5 (34. Qxe8 {gets mated.} Bxf3) 34... Qxe3 35. Qf5+ (35. Rxf7 Qe6 $16) (35. Qxf7 Rg8 $18) (35. Qxa5 Qe6 $16) 35... Kh8 36. Qxf7 Rg8) 34. Nf6+ $1 Kh8 35. d5 gxf6 36. dxe6 Qxe3 37. exf7 {[%mdl 4096] Endgame KQR-KQR} Rf8 38. Qxf6+ Kh7 39. Re7 (39. f4 $142 Qe4 40. Rc6 Qxc6 41. Qxc6 Rxf7 42. f5) 39... Qc5 40. Re5 Qd4 41. Qe7 (41. Qf5+ $142 Kh8 {[#]} 42. Qg6 $1 Qb6 43. Qxb6 Kg7 44. Re6 Rxf7 45. Rg6+ Kh7 46. Qe6 Kh8 47. Qxf7 h5 48. Rh6#) 41... Qb4 42. Qf6 $2 ({White should play} 42. Rc5 $18 Qxc5 43. Qxc5) 42... Qd2 $2 (42... Qd4 $11 43. Qf5+ Kh8 44. Qg6 Qd6 45. Qxd6 Kg7 46. Re6 Rxf7 47. Rg6+ Kh8 48. Qd8+ Rf8 49. Qxf8+ Kh7 50. Rxh6#) 43. Rh5 a4 44. f4 {Weighted Error Value: White=0.77/Black=0.81} 1-0

[Event "FIDE World Cadets GU12 2022"]
[Site "Batumi"]
[Date "2022.09.20"]
[Round "5.6"]
[White "Ismayilova, Khanim"]
[Black "Derlich, Sarah Sima"]
[Result "1-0"]
[ECO "D37"]
[WhiteElo "1901"]
[BlackElo "1490"]
[Annotator "TA"]
[PlyCount "127"]
[EventDate "2022.09.16"]
[EventType "swiss"]
[EventCountry "GEO"]
[SourceTitle "playchess.com"]
[Source "ChessBase"]
[SourceQuality "1"]
[TimeControl "5400+30"]

1. c4 e6 2. Nc3 d5 3. e3 Nf6 4. d4 a6 5. Nf3 Nbd7 6. Bd3 {[%emt 0:01:30] D37: Queen's Gambit Declined: 5 Bf4.} dxc4 7. Bxc4 b5 8. Bd3 {[%emt 0:00:30] Black has an edge.} Bb7 9. O-O c5 10. b3 Bd6 11. Bb2 O-O 12. Rc1 {[%emt 0:03:30] [#]} Ng4 $146 ({Black should try} 12... cxd4 $15 13. Nxd4 Rc8) ({Predecessor:} 12... Qb6 13. Ne2 Rac8 14. Ng3 Qa5 15. Bb1 Rfd8 16. Qe2 cxd4 17. Nxd4 Nc5 18. Nh5 Nce4 19. Nxf6+ Nxf6 {1-0 (35) Zilliox,C (1970)-Moreira,P (2032) Loire 2003}) 13. Be4 $14 (13. Ne4 {feels hotter.} Nxh2 14. Nxh2 Bxh2+ 15. Kxh2 c4 16. Nd6) 13... Bxe4 14. Nxe4 Bxh2+ 15. Nxh2 Nxh2 16. Kxh2 Qh4+ 17. Kg1 Qxe4 18. dxc5 {[%emt 0:00:30][%cal Bd4c5,Bc5c6,Bc6c7][%mdl 96] Discovered Attack} Qc6 {[%emt 0:04:30] This move loses the game for Black.} (18... Nb8 $14) 19. Qg4 $18 e5 20. Rfd1 $40 {[%emt 0:00:30][%mdl 128] White has strong attack.} f5 (20... Nf6 $142 21. Qg3 Ne4 22. Qxe5 f6 23. Qd5+ Qxd5 24. Rxd5 Ra7) 21. Qf3 Qxf3 22. gxf3 Rfd8 23. c6 Nf8 24. Bxe5 Ne6 25. c7 Rxd1+ 26. Rxd1 {[%emt 0:00:30][%mdl 4096] Endgame KRB-KRN} Kf8 27. e4 fxe4 28. f4 ({Don't take} 28. fxe4 Ke7 29. f4 Rc8 $18) 28... Rc8 29. f5 $1 Nxc7 30. Rc1 Ke7 (30... Re8 $142 31. Bd6+ Kf7) 31. Rxc7+ (31. Bxc7 Kf7 32. Rc5 g6 33. fxg6+ Kxg6) 31... Rxc7 32. Bxc7 {[%emt 0:00:30] Strongly threatening Be5. KB-KP} Kf6 {[%emt 0:00:42] Prevents Be5+.} 33. Kg2 Kxf5 34. Kg3 g5 (34... g6 $142 35. Ba5 h5) 35. b4 h5 {[%emt 0:00:30] [#]} 36. Bd8 $1 h4+ 37. Kh3 {[%emt 0:03:30] White mates.} Kf4 38. Bc7+ Kf3 39. Bb6 Kf4 40. Bd4 Kf3 41. a3 Kf4 42. Be3+ Kf3 43. Bxg5 Kxf2 44. Bxh4+ {KB-K3P} Ke2 45. Kg4 Kd3 46. Kf4 Kc4 47. Bd8 Kd4 48. Bc7 Kd5 49. Ke3 Kc6 50. Be5 Kd5 51. Bd4 Kc4 52. Kxe4 {KB-KPP} Kb3 53. Bb6 Kxa3 {[#]} 54. Ba5 $1 Kb3 55. Kd4 Ka4 56. Kc5 Ka3 57. Kb6 Kb3 58. Kxa6 {KB-KP} Kc4 59. Kb6 Kd5 60. Kxb5 Kd6 61. Kb6 Kd7 62. Ka7 Kc6 63. Ka6 Kd7 64. b5 {Weighted Error Value: White=0.05 (flawless) /Black=0.39} 1-0

[Event "FIDE World Cadets GU12 2022"]
[Site "Batumi"]
[Date "2022.09.20"]
[Round "5.7"]
[White "Yousefian, Maedeh"]
[Black "Imomkuzieva, Nilufarkhon"]
[Result "1/2-1/2"]
[ECO "C28"]
[WhiteElo "1765"]
[BlackElo "1481"]
[Annotator "NA COMBH"]
[PlyCount "130"]
[EventDate "2022.09.16"]
[EventType "swiss"]
[EventCountry "GEO"]
[SourceTitle "playchess.com"]
[Source "ChessBase"]
[SourceQuality "1"]
[TimeControl "5400+30"]

1. e4 e5 2. Bc4 Nf6 3. Nc3 Nc6 4. d3 Bb4 5. Nf3 d6 6. h3 Be6 7. Bb3 Bxb3 8. axb3 d5 9. exd5 Nxd5 10. Bd2 O-O 11. O-O Bxc3 12. bxc3 f5 13. c4 Nf6 14. Bc3 Re8 15. Qd2 h6 16. b4 e4 17. Nh4 exd3 18. cxd3 Ne4 19. dxe4 Qxh4 20. Qd5+ Kh8 21. exf5 Rad8 22. Qf7 Nd4 23. Bxd4 Qxd4 24. Rae1 Rf8 25. Qxc7 Rc8 26. Qxb7 Rxc4 27. Qf3 Rxb4 28. Re7 a5 29. Rfe1 a4 30. Qh5 Rb2 31. R7e2 Rxe2 32. Qxe2 Rxf5 33. Qc2 Rf8 34. Re4 Qa1+ 35. Kh2 a3 36. Ra4 Qb2 37. Qc4 Rb8 38. Ra7 Rf8 39. Ra4 Rd8 40. Qf7 Rb8 41. Ra7 Qe5+ 42. f4 Qb2 43. h4 Rd8 44. h5 Rc8 45. Qe6 Rf8 46. Ra4 Qb5 47. Rxa3 Qxh5+ 48. Rh3 Qf5 49. Qxf5 Rxf5 50. Rh4 Kg8 51. Kg3 Kf7 52. Kg4 Ra5 53. Rh1 Kg6 54. Rc1 h5+ 55. Kh4 Kf5 56. g3 g6 57. Rc8 Rb5 58. Rf8+ Ke6 59. Re8+ Kf6 60. Ra8 Kf5 61. Re8 Kf6 62. Kh3 Ra5 63. Re3 Kf5 64. Re1 Rb5 65. Re2 Ra5 1/2-1/2

[Event "FIDE World Cadets GU12 2022"]
[Site "Batumi"]
[Date "2022.09.20"]
[Round "5.9"]
[White "Alfano, Emilie"]
[Black "Urangoo, Gurvanbaatar"]
[Result "0-1"]
[ECO "B51"]
[WhiteElo "1712"]
[BlackElo "1391"]
[Annotator "NA RC COMBH"]
[PlyCount "74"]
[EventDate "2022.09.16"]
[EventType "swiss"]
[EventCountry "GEO"]
[SourceTitle "playchess.com"]
[Source "ChessBase"]
[SourceQuality "1"]
[TimeControl "5400+30"]

1. e4 c5 2. Nf3 d6 3. Bb5+ Nd7 4. Ba4 Ngf6 5. O-O a6 6. c4 e5 7. Nc3 Be7 8. a3 O-O 9. b4 Qc7 10. d3 Nb6 11. Bc2 Bg4 12. h3 Bh5 13. Bb2 Nbd7 14. Qe2 Rfd8 15. Nd1 Nf8 16. Ne3 Ne6 17. Nf5 Bf8 18. Ng3 Nf4 19. Qe3 Bg6 20. bxc5 Nd7 21. cxd6 Bxd6 22. Bb3 Nc5 23. d4 exd4 24. Nxd4 Nfd3 25. Rab1 Nxf2 26. Ngf5 Nfxe4 27. Rbe1 Nxb3 28. Qxb3 Nd2 29. Qc3 Nxf1 30. Nb5 Qc5+ 31. Kh1 Ng3+ 32. Nxg3 Bf8 33. Nd4 Rac8 34. Rc1 Qg5 35. Qb3 Rxd4 36. Qxb7 Rdxc4 37. Rxc4 Rxc4 0-1

[Event "FIDE World Cadets GU12 2022"]
[Site "Batumi"]
[Date "2022.09.20"]
[Round "5.10"]
[White "Shreya G Hipparagi"]
[Black "Belaya, Liliya"]
[Result "1-0"]
[ECO "C54"]
[WhiteElo "1574"]
[BlackElo "1266"]
[Annotator "NA RC COMBH"]
[PlyCount "63"]
[EventDate "2022.09.16"]
[EventType "swiss"]
[EventCountry "GEO"]
[SourceTitle "playchess.com"]
[Source "ChessBase"]
[SourceQuality "1"]
[TimeControl "5400+30"]

1. e4 e5 2. Nf3 Nc6 3. Bc4 Nf6 4. d3 Bc5 5. c3 d6 6. O-O O-O 7. Bg5 h6 8. Bh4 Bg4 9. Nbd2 Kh7 10. a4 a6 11. a5 Qd7 12. Kh1 d5 13. exd5 Nxd5 14. Bg3 Rae8 15. Qb3 Nf4 16. d4 e4 17. Qc2 Bf5 18. Nh4 Bd6 19. Nxf5 Qxf5 20. f3 Nxg2 21. fxe4 Qh3 22. e5+ Kh8 23. Qe4 f5 24. Qxg2 Qxg2+ 25. Kxg2 Be7 26. d5 Nd8 27. e6 Bd6 28. Bxd6 cxd6 29. Rae1 Re7 30. Bd3 f4 31. Ne4 Rf5 32. c4 1-0

[Event "FIDE World Cadets GU12 2022"]
[Site "Batumi"]
[Date "2022.09.20"]
[Round "5.11"]
[White "Kholyavko, Mariya"]
[Black "Garcia Rodriguez, Laia"]
[Result "1-0"]
[ECO "B15"]
[WhiteElo "1421"]
[BlackElo "1742"]
[Annotator "NA RC COMBH"]
[PlyCount "61"]
[EventDate "2022.09.16"]
[EventType "swiss"]
[EventCountry "GEO"]
[SourceTitle "playchess.com"]
[Source "ChessBase"]
[SourceQuality "1"]
[TimeControl "5400+30"]

1. e4 c6 2. d4 d5 3. Nc3 dxe4 4. Nxe4 Nf6 5. Nxf6+ exf6 6. c3 Bd6 7. Bd3 O-O 8. Qc2 Re8+ 9. Ne2 h5 10. O-O h4 11. h3 Nd7 12. Be3 Nf8 13. Rad1 Bd7 14. Rfe1 Qc8 15. Nf4 Qc7 16. Qd2 b6 17. Nh5 Ng6 18. Bb1 Rad8 19. Qd3 f5 20. Bg5 Be7 21. Bxe7 Rxe7 22. Rxe7 Nxe7 23. Qe3 Nd5 24. Qg5 g6 25. c4 Nb4 26. a3 Na6 27. Re1 Be6 28. Rxe6 fxe6 29. Qxg6+ Kh8 30. Nf6 Qg7 31. Qh5+ 1-0

[Event "FIDE World Cadets GU12 2022"]
[Site "Batumi"]
[Date "2022.09.20"]
[Round "5.12"]
[White "Shimanskaia, Tatiana"]
[Black "Haasova, Timea"]
[Result "1-0"]
[ECO "C06"]
[WhiteElo "1353"]
[BlackElo "1707"]
[Annotator "NA COMBH"]
[PlyCount "135"]
[EventDate "2022.09.16"]
[EventType "swiss"]
[EventCountry "GEO"]
[SourceTitle "playchess.com"]
[Source "ChessBase"]
[SourceQuality "1"]
[TimeControl "5400+30"]

1. e4 e6 2. d4 d5 3. Nd2 Nf6 4. e5 Nfd7 5. Bd3 c5 6. c3 Nc6 7. Ne2 cxd4 8. cxd4 f6 9. exf6 Nxf6 10. O-O Bd6 11. Nf3 O-O 12. Bg5 Qc7 13. Bh4 e5 14. dxe5 Nxe5 15. Nxe5 Bxe5 16. Bg3 Bxg3 17. Nxg3 Bg4 18. Qb3 Qf7 19. f3 Be6 20. Bf5 Bxf5 21. Nxf5 Qd7 22. Ne3 Rad8 23. Rad1 Qf7 24. Rd4 Rd7 25. Rfd1 Rfd8 26. Qd3 Qe6 27. Nf5 Re8 28. Ng3 Qb6 29. Qb3 Qc5 30. Qb4 Qc6 31. R4d3 Qe6 32. Rc1 Rde7 33. Nf1 Qf5 34. Qd4 Qg5 35. Rdc3 Re2 36. Ng3 Rxb2 37. Rc8 Rxa2 38. Rxe8+ Nxe8 39. Rc8 Kf7 40. f4 Qe7 41. Qxd5+ Qe6 42. Qxe6+ Kxe6 43. Rxe8+ Kf7 44. Rb8 Rb2 45. Ne4 Ke7 46. Nc5 b5 47. Rb7+ Kd6 48. Nd3 Rb1+ 49. Kf2 a5 50. Rxg7 a4 51. Ra7 Rb3 52. Ke3 Kd5 53. f5 Rc3 54. Kd2 Rc8 55. f6 Ke6 56. Ra6+ Kf7 57. Ne5+ Kf8 58. Rb6 Rd8+ 59. Kc3 Rc8+ 60. Kb4 Ra8 61. Ka3 Re8 62. Rxb5 Ra8 63. g4 h6 64. h4 Kg8 65. g5 hxg5 66. hxg5 Rd8 67. Kxa4 Kf8 68. Rb8 1-0

[Event "FIDE World Cadets GU12 2022"]
[Site "Batumi"]
[Date "2022.09.20"]
[Round "5.13"]
[White "Huseynova, Lala"]
[Black "Tynyshtyk, Diana"]
[Result "1-0"]
[ECO "B38"]
[WhiteElo "1702"]
[BlackElo "1373"]
[Annotator "NA RC COMBH"]
[PlyCount "67"]
[EventDate "2022.09.16"]
[EventType "swiss"]
[EventCountry "GEO"]
[SourceTitle "playchess.com"]
[Source "ChessBase"]
[SourceQuality "1"]
[TimeControl "5400+30"]

1. e4 c5 2. Nf3 Nc6 3. d4 cxd4 4. Nxd4 g6 5. c4 Bg7 6. Be3 Nf6 7. Nc3 O-O 8. Be2 d6 9. h3 Bd7 10. O-O Nxd4 11. Bxd4 Bc6 12. Qd3 Nd7 13. Bxg7 Kxg7 14. b4 Kg8 15. Rad1 a5 16. b5 Nc5 17. Qe3 Bd7 18. e5 Re8 19. exd6 exd6 20. Qf4 Bf5 21. Rxd6 Qb8 22. Rfd1 Ne4 23. Nxe4 Rxe4 24. Qg5 Qc7 25. Qg3 Qe7 26. Bf1 Rc8 27. Qc3 Qg5 28. c5 Rh4 29. R6d5 h5 30. c6 bxc6 31. bxc6 Ra4 32. c7 Rxa2 33. Rd8+ Kh7 34. Qh8# 1-0

[Event "FIDE World Cadets GU12 2022"]
[Site "Batumi"]
[Date "2022.09.20"]
[Round "5.14"]
[White "Enkhuyanga Gantsolmon"]
[Black "Huseynli, Ayan"]
[Result "0-1"]
[ECO "A90"]
[WhiteElo "1301"]
[BlackElo "1572"]
[Annotator "NA RC COMBH"]
[PlyCount "82"]
[EventDate "2022.09.16"]
[EventType "swiss"]
[EventCountry "GEO"]
[SourceTitle "playchess.com"]
[Source "ChessBase"]
[SourceQuality "1"]
[TimeControl "5400+30"]

1. d4 d5 2. c4 e6 3. Nf3 c6 4. Nbd2 f5 5. g3 Bd6 6. Bg2 Nd7 7. O-O Ngf6 8. Ne1 O-O 9. f3 f4 10. gxf4 Bxf4 11. Nb3 g5 12. cxd5 exd5 13. e3 Bc7 14. e4 Nh5 15. e5 Nf4 16. Nd3 a5 17. Bxf4 gxf4 18. a4 Nb6 19. Kh1 Nc4 20. Rg1 Kh8 21. Qe2 Qh4 22. Nd2 Ne3 23. Nf1 Nf5 24. b4 Nxd4 25. Qb2 Ne6 26. b5 Bb6 27. bxc6 Bxg1 28. cxb7 Bxb7 29. Qxb7 Bd4 30. Rc1 Qd8 31. Qc6 Ng5 32. Qh6 Rb8 33. h4 Nf7 34. Qxf4 Bb2 35. Nxb2 Rxb2 36. e6 Rb4 37. Qe3 Rxh4+ 38. Kg1 d4 39. Qe1 Re8 40. Rd1 Qf6 41. Qxa5 Qxe6 0-1

[Event "FIDE World Cadets GU12 2022"]
[Site "Batumi"]
[Date "2022.09.20"]
[Round "5.16"]
[White "Zarkua, Anastasia"]
[Black "Krkyasharyan, Sona"]
[Result "0-1"]
[ECO "D48"]
[WhiteElo "1294"]
[BlackElo "1484"]
[Annotator "NA RC COMBH"]
[PlyCount "108"]
[EventDate "2022.09.16"]
[EventType "swiss"]
[EventCountry "GEO"]
[SourceTitle "playchess.com"]
[Source "ChessBase"]
[SourceQuality "1"]
[TimeControl "5400+30"]

1. d4 d5 2. Nf3 Nf6 3. c4 c6 4. e3 e6 5. Nc3 Nbd7 6. Bd3 dxc4 7. Bxc4 b5 8. Bd3 a6 9. O-O c5 10. b3 Be7 11. Bb2 O-O 12. Rc1 Bb7 13. Qe2 Rc8 14. Rfd1 Qb6 15. a4 Bxf3 16. gxf3 cxd4 17. exd4 b4 18. Ne4 a5 19. Ba6 Ra8 20. Bb5 Rfd8 21. Rc6 Qb7 22. Rdc1 Nd5 23. Qd2 N7b6 24. Qe2 h6 25. R6c2 Rac8 26. Nc5 Qb8 27. Ba6 Rc7 28. Bb5 Rcc8 29. Qe4 Bg5 30. Rd1 Qf4 31. Qxf4 Bxf4 32. Bd3 Rc7 33. h4 h5 34. Ba1 Bd6 35. Ne4 Rxc2 36. Bxc2 Be7 37. Ng5 Rc8 38. Bd3 Nf4 39. Bb1 Bxg5 40. hxg5 Nh3+ 41. Kg2 Nxg5 42. f4 Nh7 43. Bb2 g6 44. Bd3 Nd5 45. Kf3 Nhf6 46. Bc4 Kf8 47. Re1 Nb6 48. Bd3 Nfd5 49. Ke4 Ke7 50. Kf3 Kd6 51. Ke4 Nc3+ 52. Ke3 Ncd5+ 53. Kf3 Rh8 54. Rh1 Kd7 0-1

[Event "FIDE World Cadets GU12 2022"]
[Site "Batumi"]
[Date "2022.09.20"]
[Round "5.17"]
[White "Zhumagali, Raian"]
[Black "Abramkina, Veranika"]
[Result "0-1"]
[ECO "B04"]
[WhiteElo "1278"]
[BlackElo "1445"]
[Annotator "NA RC COMBH"]
[PlyCount "148"]
[EventDate "2022.09.16"]
[EventType "swiss"]
[EventCountry "GEO"]
[SourceTitle "playchess.com"]
[Source "ChessBase"]
[SourceQuality "1"]
[TimeControl "5400+30"]

1. e4 Nf6 2. e5 Nd5 3. d4 d6 4. Nf3 g6 5. c4 Nb6 6. Nc3 Bg7 7. exd6 cxd6 8. Be2 O-O 9. O-O Nc6 10. Be3 Bg4 11. b3 d5 12. c5 Nc8 13. a3 e6 14. b4 a6 15. h3 Bxf3 16. Bxf3 N8e7 17. Ne2 Nf5 18. Bg4 Nxe3 19. fxe3 h5 20. Bf3 Bh6 21. Qd3 Qg5 22. Nf4 Rad8 23. Qc3 e5 24. dxe5 d4 25. Qb2 Qxe5 26. Bxc6 Qxe3+ 27. Qf2 bxc6 28. Qxe3 dxe3 29. g3 Rfe8 30. Ne2 Rd2 31. Rfe1 Red8 32. Kf1 R8d5 33. Nf4 Rf5 34. Kg1 h4 35. Ng2 Rf3 36. Red1 Rxg3 37. Rxd2 exd2 38. Kh2 Rc3 39. Rd1 Rc1 40. Rxd2 Bxd2 41. Nxh4 Rc3 42. Kg2 Rxa3 43. Nf3 Rb3 44. Nd4 Rxb4 45. Nxc6 Rc4 46. Ne7+ Kf8 47. Nd5 Rxc5 48. Nb6 Ke7 49. Kf2 a5 50. Ke2 Bb4 51. Kd1 Rb5 52. Na4 f5 53. Nb2 f4 54. Ke2 Bd6 55. Nc4 a4 56. Kf3 a3 57. Nxa3 Bxa3 58. Kxf4 Kf6 59. Kg4 Rb4+ 60. Kf3 Rd4 61. Kg3 Re4 62. Kf3 Kf5 63. Kg3 Re3+ 64. Kg2 Kf4 65. h4 Kg4 66. Kf2 Bc5 67. Kg2 Re2+ 68. Kf1 Ra2 69. Ke1 Kf3 70. Kd1 Ke3 71. Kc1 Kd3 72. Kb1 Rg2 73. h5 gxh5 74. Ka1 Kc3 0-1

[Event "FIDE World Cadets GU12 2022"]
[Site "Batumi"]
[Date "2022.09.20"]
[Round "5.18"]
[White "Kush, Agniya"]
[Black "Vizcarra Quispe, Ramalia Bellaluz"]
[Result "0-1"]
[ECO "A60"]
[WhiteElo "1131"]
[BlackElo "1429"]
[Annotator "NA RC COMBH"]
[PlyCount "96"]
[EventDate "2022.09.16"]
[EventType "swiss"]
[EventCountry "GEO"]
[SourceTitle "playchess.com"]
[Source "ChessBase"]
[SourceQuality "1"]
[TimeControl "5400+30"]

1. d4 c5 2. d5 Nf6 3. c4 e6 4. Nc3 exd5 5. cxd5 d6 6. Bg5 h6 7. Bh4 Be7 8. Nf3 Bg4 9. h3 Bxf3 10. exf3 O-O 11. Bg3 a6 12. a4 Nbd7 13. Be2 Qb6 14. Qc2 Qa5 15. O-O Nb6 16. Rad1 Rac8 17. Bh4 Rfd8 18. Rfe1 c4 19. Bxc4 Rxc4 20. Rxe7 Rxh4 21. Qf5 Rh5 22. Qf4 Nbxd5 23. Nxd5 Rxd5 24. Rde1 Re5 25. R1xe5 dxe5 26. Rxe5 Qc7 27. g3 Rd5 28. Rxd5 Nxd5 29. Qe4 Qc6 30. Qd3 b5 31. a5 g6 32. Qd4 b4 33. Qe5 Qb5 34. Kg2 Qxa5 35. Qe8+ Kg7 36. Qe5+ Kh7 37. Qe8 Qc7 38. Qa8 Qd6 39. Qe8 Kg7 40. Qe4 Nf6 41. Qc4 a5 42. b3 Qd5 43. Qc2 Qb5 44. Qb2 a4 45. h4 a3 46. Qa1 Qc5 47. g4 Qc3 48. Qb1 Qb2 0-1